 Dungeon Sprint DCSS version 0.27.1-33-g824d729ab1 (webtiles) character file.

Game seed: 14596847561953224394

620 manyhoops the Geomancer (level 7, -7/36 HPs)
             Began as a Deep Elf Earth Elementalist on Nov 27, 2021.
             Was an Initiate of Sif Muna.
             Mangled by Sonja (13 damage)
             ... in the Dungeon (Sprint I: "Red Sonja").
             The game lasted 00:01:18 (714 turns).

manyhoops the Geomancer (DEEE)                       Turns: 714, Time: 00:01:19

Health: -7/36      AC:  2    Str:  5    XL:     7   Next: 22%
Magic:  14/20      EV: 16    Int: 22    God:    Sif Muna [......]
Gold:   364        SH:  0    Dex: 15    Spells: 16/22 levels left

rFire    . . .     SeeInvis .   (no weapon)
rCold    . . .     Faith    .   (no shield)
rNeg     . . .     Spirit   .   b - +0 robe
rPois    .         Reflect  .   (no helmet)
rElec    .         Harm     .   (no cloak)
rCorr    .         Rampage  .   (no gloves)
Will     .....     NoTele   +   (no boots)
Stlth    ++........             (no amulet)
HPRegen  0.12/turn              (no ring)
MPRegen  0.17/turn              (no ring)

@: no status effects
A: no striking features
a: Renounce Religion


You were in the Dungeon.
You worshipped Sif Muna.
Sif Muna was noncommittal.
You visited 1 branch You collected 364 gold pieces.

Inventory:

Missiles
 i - 22 stones
Armour
 b - a +0 robe (worn)
Wands
 a - a wand of flame (9)
Scrolls
 h - a scroll of blinking
Potions
 d - a potion of heal wounds
 e - a potion of haste
 f - 2 potions of magic


   Skills:
 + Level 7.8 Dodging
 - Level 2.4 Stealth
 - Level 8.1 Spellcasting
 - Level 1.3 Conjurations
 - Level 1.1 Transmutations
 - Level 14.0 Earth Magic


You had 16 spell levels left.
You knew the following spells:

 Your Spells              Type           Power      Damage    Failure   Level
a - Sandblast             Erth           100%       2d20      1%          1
b - Passwall              Tmut/Erth      35%        N/A       1%          2
c - Stone Arrow           Conj/Erth      84%        3d12      1%          3

Your spell library contained the following spells:

 Spells                   Type           Power      Damage    Failure   Level
 Petrify                  Tmut/Erth      42%        N/A       3%          4


Dungeon Overview and Level Annotations

Branches:
Dungeon (1/1)

Altars:
Cheibriados
Dithmenos
Elyvilon
Fedhas
Gozag
Hepliaklqana
Kikubaaqudgha
Makhleb
Nemelex Xobeh
Okawaru
Qazlal
Ru
Sif Muna
Trog
Uskayaw
Vehumet
Wu Jian
Xom
Yredelemnul
Zin
The Shining One
Jiyva
Lugonu

Shops:
D =

Annotations:
D Sonja


Message History

Unknown command.
There is an open door here.
You start resting.
Magic restored.
You now have 283 gold pieces (gained 27).
You now have 310 gold pieces (gained 27).
You now have 337 gold pieces (gained 27).
You now have 364 gold pieces (gained 27).
There is an open door here.
There is an open door here.
There is an open door here.
You see here 12 bolts.
You open the door.
Sonja, the Graceful Assassin comes into view.
She is wielding a +2 short sword of distortion and quivering curare-tipped darts.
Sonja shouts!
Sonja gestures wildly while chanting.
Sonja blinks!
Sonja hits you with a +2 short sword of distortion!
Sonja barely misses you. x2
Found 108 gold pieces.
Casting: Stone Arrow (safe; 1% risk of failure)
Confirm with . or Enter, or press ? or * to list all spells.
Aiming: Stone Arrow (safe; 1% risk of failure)
Press: ? - help, Shift-Dir - straight line, f - Sonja
Aim: Sonja, wielding a +2 short sword of distortion and quivering curare-tipped darts (37% to hit)
The stone arrow misses Sonja.
Sonja barely misses you.
Sonja hits you with a +2 short sword of distortion.
Space warps horribly around you!
* * * LOW HITPOINT WARNING * * *
Sonja barely misses you.
Unknown command.
Casting: Stone Arrow (safe; 1% risk of failure)
Confirm with . or Enter, or press ? or * to list all spells.
Aiming: Stone Arrow (safe; 1% risk of failure)
Press: ? - help, Shift-Dir - straight line, f/p - Sonja
Aim: Sonja, wielding a +2 short sword of distortion and quivering curare-tipped darts (37% to hit)
The stone arrow hits Sonja!!
Sonja is severely wounded.
Sonja hits you with a +2 short sword of distortion!
You die...

######################
#<.#..)..#..'..#__#..+
#..)..#..').#..'..'..#
#..#####+#####'#__####
#..### #...#(####
#..#__####..##.#
#..#_____##'#_.+
#⌠⌠#_.∩...'.K._#
####_..__##_@#'#
#_____###'#.# #######
#.### $.$ $.$ ##.##
#+#


You could see Sonja.

Vanquished Creatures
  A slime creature (D)
  Sigmund (D)
  A yak (D)
  An ogre (D)
  A jelly (D)
  Ijyb (D)
6 creatures vanquished.

Notes
Turn   | Place    | Note
-------+----------+-------------------------------------------
     0 | D        | manyhoops the Deep Elf Earth Elementalist began the quest
                  | for the Orb.
     0 | D        | Reached XP level 1. HP: 10/10 MP: 6/6
     1 | D        | Noticed Ijyb
    18 | D        | Killed Ijyb
    19 | D        | Reached XP level 2. HP: 11/15 MP: 4/13
   156 | D        | Noticed an ogre
   159 | D        | Killed an ogre
   160 | D        | Reached skill level 8 in Earth Magic
   160 | D        | Reached XP level 3. HP: 19/19 MP: 10/14
   160 | D        | Reached XP level 4. HP: 24/24 MP: 11/16
   164 | D        | Learned a level 2 spell: Passwall
   168 | D        | Learned a level 3 spell: Stone Arrow
   170 | D        | Noticed Sigmund
   174 | D        | Killed Sigmund
   175 | D        | Reached skill level 12 in Earth Magic
   175 | D        | Reached XP level 5. HP: 28/28 MP: 6/17
   355 | D        | Found an ornate altar of the Wu Jian Council.
   355 | D        | Found a shimmering blue altar of Sif Muna.
   357 | D        | Found a radiant altar of Vehumet.
   360 | D        | Reached XP level 6. HP: 22/32 MP: 17/19
   435 | D        | Found Roxaocvi's Jewellery Emporium.
   435 | D        | Found an ancient bone altar of Kikubaaqudgha.
   435 | D        | Found a hazy altar of Hepliaklqana.
   435 | D        | Found a stormy altar of Qazlal.
   435 | D        | Found a hide-covered altar of Uskayaw.
   435 | D        | Found a blossoming altar of Fedhas.
   435 | D        | Found a bloodstained altar of Trog.
   435 | D        | Found an iron altar of Okawaru.
   435 | D        | Found a basalt altar of Yredelemnul.
   435 | D        | Found a glowing golden altar of the Shining One.
   435 | D        | Found a snail-covered altar of Cheibriados.
   435 | D        | Found a sacrificial altar of Ru.
   435 | D        | Found a glowing silver altar of Zin.
   435 | D        | Found a shadowy altar of Dithmenos.
   435 | D        | Found a white marble altar of Elyvilon.
   435 | D        | Noticed a yak
   440 | D        | Killed a yak
   441 | D        | Reached skill level 1 in Conjurations
   441 | D        | Reached skill level 14 in Earth Magic
   595 | D        | Became a worshipper of Sif Muna the Loreminder
   599 | D        | Found an opulent altar of Gozag.
   612 | D        | Found a sparkling altar of Nemelex Xobeh.
   634 | D        | Found a burning altar of Makhleb.
   634 | D        | Found a viscous altar of Jiyva.
   634 | D        | Found a shimmering altar of Xom.
   634 | D        | Found a corrupted altar of Lugonu.
   634 | D        | Noticed a slime creature
   637 | D        | Killed a slime creature
   638 | D        | Reached XP level 7. HP: 36/36 MP: 10/20
   712 | D        | Noticed Sonja
   714 | D        | Mangled by Sonja

Illustrated notes

Levels and vault maps discovered:
D:        dungeon_sprint_1 [red_sonja_temple_1, red_sonja_temple_small_1]

Skill      XL: |  1  2  3  4  5  6 |
---------------+-------------------+-----
Spellcasting   | 8 |  8.1
Earth Magic    | 8 12 14 | 14.0
Conjurations   | 1 |  1.3
Dodging        | 7 |  7.8
Stealth        | |  2.4
Transmutations | |  1.1

Action                   |  1- 3 |  4- 6 |  7- 9 || total
-------------------------+-------+-------+-------++-------
Melee: Unarmed           |    13 |       |       ||    13
 Cast: Sandblast         |     6 |     2 |       ||     8
       Stone Arrow       |       |    10 |     2 ||    12
  Use: Potion            |     1 |     1 |       ||     2
Dodge: Dodged            |     7 |     3 |     4 ||    14
